 Dungeon Crawl Stone Soup version 0.16.2-12-gd0ad4c3 (webtiles) character file.

85683 faibistes the Eclecticist (level 15, -1/90 HPs)
             Began as a Deep Elf Wizard on Dec 20, 2017.
             Was a High Priest of Sif Muna.
             Slain by a sixfirhy (11 damage)
             ... summoned by an orc high priest
             ... on level 4 of the Orcish Mines on Dec 21, 2017.
             The game lasted 02:32:15 (42065 turns).

faibistes the Eclecticist (Deep Elf Wizard)        Turns: 42065, Time: 02:32:15

Health: -1/90      AC: 13    Str:  8    XL:     15   Next: 38%
Magic:  10/48      EV: 19    Int: 30    God:    Sif Muna [*****.]
Gold:   717        SH:  0    Dex: 17    Spells: 12 memorised, 0 levels left

rFire  + . .     SeeInvis .     w - +8 mace of Zin's Whim {flame, Str+4 Dex+4 Stlth+}
rCold  x . .     Clarity  .     j - +2 robe {Archmagi}
rNeg   . . .     SustAb   .     (no shield)
rPois  .         Gourm    +     b - +1 hat
rElec  .         Spirit   .     e - +2 cloak
rCorr  .         Warding  .     R - +1 pair of gloves
rMut   .         Stasis   .     U - +1 pair of boots
MR     +....                    x - amulet of the gourmand
Stlth  +++.......               r - ring of fire
                                Y - ring of magical power

@: very slightly contaminated, deflect missiles, somewhat resistant to hostile
enchantments, fairly stealthy
A: rugged brown scales 1
a: Channel Energy, Forget Spell, Renounce Religion


You were on level 4 of the Orcish Mines.
You worshipped Sif Muna.
Sif Muna was extremely pleased with you.
You were very full.

You visited 4 branches of the dungeon, and saw 28 of its levels.
You also visited: Bailey.

You collected 3119 gold pieces.
You spent 2402 gold pieces at shops.

Inventory:

Hand weapons
 w - the +8 mace of Zin's Whim (weapon) {flame, Str+4 Dex+4 Stlth+}
   (You found it on level 4 of the Dungeon)

   It has been specially enchanted to burn those struck by it, causing extra
   injury to most foes and up to half again as much damage against particularly
   susceptible opponents.
   It affects your strength (+4).
   It affects your dexterity (+4).
   It makes you more stealthy.
 T - the +1 Staff of Olgreb {rPois}
   (You found it on level 8 of the Lair of Beasts)

   It protects you from poison.
Armour
 b - a +1 hat (worn)
 e - a +2 cloak (worn)
 j - a +2 robe of the Archmagi (worn)
 R - a +1 pair of gloves (worn)
 U - a +1 pair of boots (worn)
Jewellery
 c - an uncursed ring of stealth
 f - the amulet "Etuuw" {Clar +Blink Dex+5}
   (You found it on level 13 of the Dungeon)

   [amulet of clarity]

   It provides mental clarity.
   It affects your dexterity (+5).
   It lets you blink.
 g - an uncursed ring of protection from magic
 r - a ring of fire (right hand)
 x - an amulet of the gourmand (around neck)
 I - an uncursed amulet of warding
 K - an uncursed ring of sustain abilities
 M - an uncursed ring of flight
 Y - a ring of magical power (left hand)
Magical devices
 m - a wand of polymorph (15)
 y - a wand of enslavement (6)
 B - a wand of draining (8)
 D - a wand of disintegration (6)
 Q - a wand of fire (6)
 W - a wand of confusion (27)
 X - a wand of cold (8)
 Z - a wand of fire (9)
Scrolls
 a - 5 scrolls of teleportation
 h - 9 scrolls of remove curse
 k - a scroll of enchant weapon
 l - 8 scrolls of magic mapping
 s - a scroll of holy word
 u - 2 scrolls of blinking
 A - 5 scrolls of immolation
 G - 3 scrolls of recharging
 N - a scroll of fog
 S - 4 scrolls of fear
Potions
 i - 2 potions of cure mutation
 n - 3 potions of brilliance
 o - 4 potions of heal wounds
 p - 12 potions of curing
 v - a potion of magic
 z - 2 potions of cancellation
 F - 3 potions of invisibility
 L - a potion of flight
 O - a potion of haste
 P - 2 potions of restore abilities
Books
 H - a book of Enchantments

   Spells                             Type                      Level
   a - Tukima's Dance                 Hexes                        3
   b - Cause Fear                     Hexes                        4
   c - Silence                        Hexes/Air                    5
   d - Deflect Missiles               Charms/Air                   6
   e - Haste                          Charms                       6
   f - Discord                        Hexes                        8
Miscellaneous
 q - a sack of spiders
 t - a sack of spiders
 J - a stone of tremors
Comestibles
 d - 18 bread rations
 C - 4 meat rations
 E - 3 chunks of flesh


   Skills:
 + Level 7.9 Fighting
 - Level 10.0 Dodging
 - Level 2.4 Stealth
 * Level 15.8 Spellcasting
 + Level 10.0 Conjurations
 * Level 10.1 Charms
 - Level 5.0 Summonings
 - Level 7.0 Translocations
 * Level 2.4 Transmutations
 + Level 10.3 Fire Magic
   Level 5.0 Ice Magic
 - Level 4.0 Air Magic
 * Level 2.4 Earth Magic
 - Level 4.0 Poison Magic
 * Level 9.8 Invocations
 - Level 9.1 Evocations


You couldn't memorise any spells.
You knew the following spells:

 Your Spells              Type           Power        Failure   Level  Hunger
a - Magic Dart            Conj           ####         1%          1    None
b - Conjure Flame         Conj/Fire      ########     1%          3    None
c - Summon Lightning Spi  Summ/Air       ######..     3%          4    None
d - Blink                 Tloc           N/A          1%          2    None
e - Mephitic Cloud        Conj/Pois/Air  ######..     1%          3    None
f - Deflect Missiles      Chrm/Air       #######...   17%         6    ###....
g - Stoneskin             Trmt/Erth      ######..     1%          2    None
h - Airstrike             Air            ######....   4%          4    None
i - Ignite Poison         Fire/Trmt      #######...   4%          5    None
o - Iskenderun's Battles  Conj/Chrm      #######.     1%          5    None
v - Bolt of Fire          Conj/Fire      ########..   6%          6    ###....
x - Force Lance           Conj/Tloc      #######.     1%          4    None


Dungeon Overview and Level Annotations

Branches:
Dungeon (15/15)            Temple (1/1) D:5            Lair (8/8) D:9
 Shoals (0/5) Lair:3        Snake (0/5) Lair:5        Slime (0/6) Lair:6
    Orc (4/4) D:12            Elf (0/3) Orc:3
 Vaults: D:13-14     Depths: D:15

Altars:
Ashenzari
Cheibriados
Dithmenos
Elyvilon
Fedhas
Gozag
Kikubaaqudgha
Makhleb
Nemelex Xobeh
Okawaru
Qazlal
Ru
Sif Muna
Trog
Vehumet
Xom
Yredelemnul
Zin
The Shining One
Beogh
Jiyva

Shops:
D:4 (   D:8 (   D:9 }   Orc:1 }:*}=


Innate Abilities, Weirdness & Mutations

You are partially covered in rugged brown scales (AC +1, +3% HP).


Message History

The orc priest glows brightly for a moment.
The orc high priest prays to Beogh.
Send 'em back where they came from!
Your lightning spire disappears in a puff of smoke!
The orc knight roars a battlecry!
The orc goes into a battle-frenzy!
You see here a club.
The orc knight roars a battlecry!
Read which item? (? for menu, Esc to quit)
Blink to where?
Press: ? - help, Dir - move target cursor You are very lightly contaminated with residual magic.
As you read the scroll of blinking, it crumbles to dust.
The orc knight roars a battlecry!
The sixfirhy closely misses you.
There is a stone staircase leading up here.
The sixfirhy closely misses you.
The sixfirhy hits you but does no damage.
The sixfirhy hits you!
You die...

###...)....##..#####
##......##.....#.##
##......#......[.<#
###.....o.....#....##
#....##..o...##.....###
.....####.....#.......##
.....###....####.......#
.....##......##.#.....##
#.#...#........4@...###
###................##
.##.......###...#.##
..........####.####
............#...
......##....#####
.....###.....#
......##.....#
..#........###


You could see a sixfirhy.

Vanquished Creatures
  Rupert (Lair:6)
  2 orc warlords
  2 centaur warriors
  Harold (D:12)
  3 hydras
  7 death yaks
  Urug (Orc:3)
  3 orc high priests
  4 skeletal warriors (D:12)
  5 hill giants
  6 orc knights
  An oklob plant (Lair:7)
  4 orc sorcerers
  27 elephants
  The ghost of DEFE the Slicer, an experienced DEWr of Ashenzari (D:7)
  14 spiny frogs
  A centaur skeleton (D:11)
  Psyche (D:12)
  A fire drake (Lair:8)
  2 polar bears (Lair:2)
  4 komodo dragons
  A two-headed ogre (D:9)
  Sonja (D:12)
  5 trolls
  Prince Ribbit (D:4)
  A trapdoor spider zombie (D:13)
  2 boulder beetles (Lair:8)
  A giant leech (Lair:8)
  19 blink frogs
  3 wyverns
  2 basilisks (Lair:5)
  A deep elf mage (D:12)
  A shadow (D:12)
  A hog (D:7)
  A human (D:7)
  27 yaks
  8 hippogriffs
  A vampire mosquito (Lair:8)
  10 wolves
  2 wargs
  A hungry ghost (D:12)
  2 water moccasins
  2 spiders (Lair:5)
  12 porcupines
  A naga (Lair:5)
  3 sky beasts
  6 ogres
  2 black bears
  A wasp (D:11)
  6 centaurs
  42 orc warriors
  2 ice beasts
  A boring beetle (Lair:8)
  4 phantoms
  A gnoll sergeant (D:11)
  13 crocodiles
  A big kobold (D:12)
  25 giant frogs
  2 wyvern zombies
  16 killer bees
  4 scorpions
  5 electric eels
  3 wights (D:11)
  3 goliath beetles
  4 crimson imps
  3 jellies
  A quasit (D:6)
  2 centaur zombies
  Crazy Yiuf (D:7)
  32 orc priests
  8 hounds
  A giant frog skeleton (D:11)
  A gnoll shaman (D:3)
  8 iguanas
  12 worker ants
  Natasha (thrice) (D:3)
  29 orc wizards
  18 sheep
  A hound zombie (D:6)
  A hound skeleton (D:11)
  A mummy (D:10)
  2 worker ant zombies
  28 adders
  12 gnolls
  4 shadow imps
  39 river rats
  A giant mite (D:3)
  13 white imps
  3 worms
  An adder zombie (D:9)
  An adder skeleton (D:8)
  197 orcs
  3 ball pythons
  A bat skeleton (D:4)
  2 bat zombies (D:5)
  8 giant cockroaches
  35 hobgoblins
  8 jackals
  10 quokkas
  A ball python zombie (D:6)
  13 bats
  4 giant geckos
  A giant gecko skeleton (D:8)
  A giant newt (D:4)
  25 goblins
  A jackal skeleton (D:4)
  12 kobolds
  A quokka zombie (D:6)
  15 rats
  4 ballistomycetes (D:12)
  2 butterflies (D:9)
  3 fungi
  3 plants
917 creatures vanquished.

Vanquished Creatures (collateral kills)
  The ghost of faibistes the Thaumaturge, a powerful DEWz of Sif Muna (Lair:3)
  Erica (Orc:3)
  4 death yaks
  2 lindwurms (Lair:8)
  2 griffons
  22 spiny frogs
  3 black mambas
  3 giant leeches (Lair:8)
  2 blink frogs (Lair:8)
  3 yaks (D:12)
  A basilisk (Lair:2)
  A wraith (D:10)
  2 vampire mosquitoes (Lair:8)
  2 wolves (Lair:5)
  5 orc warriors
  9 water moccasins
  4 nagas (Lair:5)
  A porcupine (Lair:4)
  A black bear (Lair:2)
  5 spiders (Lair:5)
  3 crocodiles
  8 giant frogs
  An electric eel (Lair:8)
  A scorpion (D:9)
  2 orc wizards
  3 orc priests
  17 sheep
  20 river rats
  3 adders
  A worm (D:3)
  23 orcs
  A bat (D:3)
  2 goblins
  A hobgoblin (Bailey)
  5 jackals
  2 kobolds (D:3)
  2 fungi
169 creatures vanquished.

Vanquished Creatures (others)
  28 ice beasts
  2 lightning spires
  2 crimson imps (Bailey)
  2 iron imps
  3 white imps
  2 river rats (Lair:8)
  A giant spore (D:12)
  A bush (Lair:8)
  52 fungi
  46 plants
139 creatures vanquished.

Grand Total: 1225 creatures vanquished

Notes
Turn   | Place    | Note
--------------------------------------------------------------
     0 | D:1      | faibistes, the Deep Elf Wizard, began the quest for the Orb.
     0 | D:1      | Reached XP level 1. HP: 10/10 MP: 6/6
   734 | D:1      | Reached XP level 2. HP: 15/15 MP: 8/10
   756 | D:1      | Learned a level 2 spell: Blink
   759 | D:1      | Learned a level 2 spell: Call Imp
  1181 | D:2      | Reached skill level 5 in Spellcasting
  1374 | D:2      | Reached XP level 3. HP: 19/19 MP: 7/14
  1379 | D:2      | Learned a level 3 spell: Conjure Flame
  1383 | D:2      | Learned a level 3 spell: Mephitic Cloud
  1713 | D:3      | Noticed Natasha
  1714 | D:3      | Reached XP level 4. HP: 24/24 MP: 12/17
  1718 | D:3      | Killed Natasha
  1824 | D:3      | Noticed Natasha
  1827 | D:3      | Killed Natasha
  1839 | D:3      | Noticed Natasha
  1856 | D:3      | Killed Natasha
  1995 | D:2      | Found a burning altar of Makhleb.
  1995 | D:2      | Found a glowing silver altar of Zin.
  1996 | D:2      | Noticed an angel
  1996 | D:2      | Noticed a blizzard demon
  2040 | D:2      | Found a basalt altar of Yredelemnul.
  2180 | D:2      | Found a sacrificial altar of Ru.
  2226 | D:2      | Reached skill level 6 in Spellcasting
  2226 | D:2      | Reached XP level 5. HP: 28/28 MP: 16/20
  2426 | D:2      | Learned a level 2 spell: Repel Missiles
  2598 | D:5      | Entered Level 5 of the Dungeon
  2598 | D:5      | Found an ancient bone altar of Kikubaaqudgha.
  3110 | D:4      | Noticed Prince Ribbit
  3346 | D:3      | Found a blossoming altar of Fedhas.
  3445 | D:4      | Got a bloodstained mace
  3446 | D:4      | Identified the +8 mace of Zin's Whim {flame, Str+4 Dex+4 Stlth+} (You found it on level 4 of the Dungeon)
  3647 | D:4      | Reached XP level 6. HP: 32/32 MP: 22/22
  3684 | D:4      | Noticed a phantom
  3699 | D:4      | Killed a phantom
  3699 | D:4      | Reached skill level 7 in Spellcasting
  3721 | D:4      | Killed Prince Ribbit
  3721 | D:4      | Reached XP level 7. HP: 36/36 MP: 2/25
  3885 | D:4      | Found Waidof's Weapon Shop.
  3901 | D:4      | Found an iron altar of Okawaru.
  4139 | D:4      | Reached skill level 8 in Spellcasting
  4265 | D:4      | Reached skill level 1 in Fighting
  4417 | D:5      | Noticed an ogre
  4426 | D:5      | Killed an ogre
  4426 | D:5      | Reached skill level 1 in Evocations
  4742 | D:5      | Found a white marble altar of Elyvilon.
  4772 | D:5      | Noticed a sky beast
  4785 | D:5      | Killed a sky beast
  4785 | D:5      | Reached skill level 5 in Dodging
  4964 | D:5      | Reached XP level 8. HP: 39/45 MP: 21/28
  5024 | D:5      | Found a bloodstained altar of Trog.
  5090 | D:6      | Gained mutation: You are partially covered in rugged brown scales (AC +1, +3% HP). [potion of beneficial mutation]
  5093 | D:7      | Noticed a troll
  5100 | D:7      | Killed a troll
  5100 | D:7      | Reached skill level 9 in Spellcasting
  5518 | D:5      | Found a staircase to the Ecumenical Temple.
  5530 | Temple   | Entered the Ecumenical Temple
  5938 | D:6      | Found a shattered altar of Ashenzari.
  5940 | D:6      | Found an opulent altar of Gozag.
  6173 | D:6      | Found a shimmering altar of Xom.
  6608 | D:6      | Reached skill level 10 in Spellcasting
  7275 | D:8      | Reached XP level 9. HP: 53/53 MP: 5/30
  7392 | D:7      | Noticed DEFE's ghost (experienced DEWr)
  7404 | D:7      | Killed DEFE's ghost
  7877 | D:7      | Reached skill level 5 in Fighting
  8008 | D:7      | Noticed Crazy Yiuf
  8015 | D:7      | Killed Crazy Yiuf
  8165 | D:7      | Reached skill level 11 in Spellcasting
  8314 | D:8      | Found a shattered altar of Ashenzari.
  8577 | D:8      | Found Tryicex's Antique Weapon Boutique.
  8831 | D:8      | Reached skill level 5 in Evocations
  8937 | D:8      | Found a stormy altar of Qazlal.
  9044 | D:9      | Found a deep blue altar of Sif Muna.
  9050 | D:9      | Became a worshipper of Sif Muna the Loreminder
  9108 | D:9      | Reached skill level 1 in Air Magic
  9832 | D:9      | Reached XP level 10. HP: 61/61 MP: 29/32
  9858 | D:9      | Found a roughly hewn altar of Beogh.
 10006 | D:9      | Found a staircase to the Lair.
 10006 | D:9      | Noticed an elephant
 10081 | D:9      | Acquired Sif Muna's first power
 10081 | D:9      | Reached skill level 1 in Poison Magic
 10083 | D:9      | Killed an elephant
 10285 | D:10     | Entered Level 10 of the Dungeon
 10362 | D:10     | Found a flagged portal.
 10374 | Bailey   | Entered a bailey
 10940 | Bailey   | Noticed an orc knight
 10952 | Bailey   | Killed an orc knight
 10952 | Bailey   | Reached skill level 12 in Spellcasting
 11099 | Bailey   | Reached skill level 1 in Fire Magic
 11107 | Bailey   | Acquired Sif Muna's second power
 11309 | Bailey   | Reached skill level 1 in Invocations
 11501 | Bailey   | Noticed an orc warlord
 11531 | Bailey   | Killed an orc warlord
 11531 | Bailey   | Reached skill level 5 in Conjurations
 11894 | Bailey   | Identified a scroll of acquirement
 11901 | Bailey   | Learned a level 4 spell: Summon Ice Beast
 12391 | D:9      | Found Caecrael's Gadget Shop.
 12404 | D:9      | Reached XP level 11. HP: 65/65 MP: 23/34
 12405 | D:9      | Acquired Sif Muna's third power
 12405 | D:9      | Reached skill level 13 in Spellcasting
 12405 | D:9      | Reached XP level 12. HP: 72/72 MP: 23/35
 12703 | Lair:1   | Entered Level 1 of the Lair of Beasts
 12858 | Lair:1   | Reached skill level 5 in Fire Magic
 13255 | Lair:1   | Learned a level 2 spell: Shroud of Golubria
 14226 | Lair:3   | Noticed faibistes' ghost (powerful DEWz)
 14237 | Lair:3   | Killed faibistes' ghost
 14237 | Lair:3   | Reached skill level 5 in Summonings
 14501 | Lair:2   | Reached skill level 5 in Translocations
 15067 | Lair:2   | Reached skill level 5 in Invocations
 16026 | Lair:2   | Learned a level 4 spell: Passage of Golubria
 16187 | Lair:4   | Found a radiant altar of Vehumet.
 16596 | Lair:3   | Reached skill level 5 in Ice Magic
 17302 | Lair:3   | Found a staircase to the Shoals.
 18937 | Lair:4   | Reached skill level 5 in Charms
 19909 | Lair:4   | Reached skill level 14 in Spellcasting
 20009 | Lair:4   | Reached XP level 13. HP: 56/78 MP: 13/37
 20137 | Lair:5   | Noticed an eight-headed hydra
 20578 | Lair:7   | Received a gift from Sif Muna
 20579 | Lair:7   | Identified Sif Muna's Compendium of Conjuration (Sif Muna gifted it to you on level 7 of the Lair of Beasts)
 20585 | Lair:7   | Learned a level 4 spell: Force Lance
 20591 | Lair:7   | Learned a level 5 spell: Venom Bolt
 20804 | Lair:5   | Killed an eight-headed hydra
 20968 | Lair:5   | Found a hole to the Spider Nest.
 21335 | Lair:6   | Found a viscous altar of Jiyva.
 21335 | Lair:6   | Found a staircase to the Slime Pits.
 21714 | Lair:5   | Found a staircase to the Snake Pit.
 22064 | Lair:5   | Got a warped dagger
 22065 | Lair:5   | Identified the cursed -2 dagger of Straixirr {pierce, rC+ Int+4} (You found it on level 5 of the Lair of Beasts)
 22700 | Lair:8   | Entered Level 8 of the Lair of Beasts
 24722 | Lair:6   | Noticed Rupert
 24737 | Lair:6   | Killed Rupert
 25635 | Lair:7   | Received a gift from Sif Muna
 25636 | Lair:7   | Identified Pluixyat's Guide on Lethal Ignition (Sif Muna gifted it to you on level 7 of the Lair of Beasts)
 25840 | Lair:7   | Reached XP level 14. HP: 57/84 MP: 5/38
 25857 | Lair:7   | Learned a level 6 spell: Bolt of Fire
 27500 | Lair:8   | Reached skill level 15 in Spellcasting
 28310 | Lair:8   | Reached skill level 10 in Dodging
 30503 | Lair:2   | Learned a level 3 spell: Regeneration
 31274 | D:12     | Identified faibistes' Disquisition on Slavery (You acquired it on level 12 of the Dungeon)
 31280 | D:12     | Learned a level 4 spell: Summon Lightning Spire
 31334 | D:13     | Got an ancient steel amulet
 31335 | D:13     | Identified the amulet "Etuuw" {Clar +Blink Dex+5} (You found it on level 13 of the Dungeon)
 31430 | D:15     | Entered Level 15 of the Dungeon
 31697 | D:10     | Received a gift from Sif Muna
 31698 | D:10     | Identified Sif Muna's Tome of Destructive Weightlessness (Sif Muna gifted it to you on level 10 of the Dungeon)
 31706 | D:10     | Learned a level 5 spell: Iskenderun's Battlesphere
 32234 | D:12     | Noticed Psyche
 32236 | D:12     | Killed Psyche
 32690 | D:11     | Noticed a hill giant
 32698 | D:11     | Killed a hill giant
 32701 | D:11     | Noticed a hill giant
 32709 | D:11     | Killed a hill giant
 33104 | D:11     | Learned a level 4 spell: Airstrike
 33720 | D:12     | Found a staircase to the Orcish Mines.
 34057 | D:12     | Noticed Harold
 34060 | D:12     | Killed Harold
 34499 | D:12     | Reached skill level 10 in Fire Magic
 35007 | D:12     | Noticed Sonja
 35008 | D:12     | Killed Sonja
 35008 | D:12     | Reached XP level 15. HP: 90/90 MP: 3/39
 35957 | Orc:1    | Entered Level 1 of the Orcish Mines
 36165 | Orc:1    | Found a frozen archway.
 36453 | Orc:4    | Entered Level 4 of the Orcish Mines
 36523 | Orc:1    | Found Gry Skacs' Gadget Emporium.
 36813 | Orc:1    | Found Bragho's Book Emporium.
 36816 | Orc:1    | Bought a book of Alchemy for 975 gold pieces
 36824 | Orc:1    | Learned a level 5 spell: Ignite Poison
 36824 | Orc:1    | Bought a book of Geomancy for 455 gold pieces
 36827 | Orc:1    | Learned a level 2 spell: Stoneskin
 37431 | Orc:2    | Reached skill level 1 in Transmutations
 38321 | Orc:2    | Reached skill level 1 in Earth Magic
 38464 | Orc:2    | Found a roughly hewn altar of Beogh.
 38693 | Orc:1    | Bought a book of Enchantments for 650 gold pieces
 38702 | Orc:1    | Learned a level 6 spell: Deflect Missiles
 38908 | Orc:3    | Noticed Urug
 38913 | Orc:3    | Killed Urug
 39995 | Orc:1    | Found Reilutha's Jewellery Emporium.
 39999 | Orc:1    | Found Ofebaumm's General Store.
 40010 | Orc:1    | Bought an uncursed ring of magical power for 300 gold pieces
 40040 | Orc:1    | Bought a scroll of identify for 22 gold pieces
 40105 | Orc:1    | Found Ygaag's Gadget Shop.
 40631 | Orc:3    | Noticed Erica
 40639 | Orc:3    | Killed Erica
 40705 | Orc:3    | Found a staircase to the Elven Halls.
 40988 | Orc:4    | Reached skill level 10 in Charms
 41048 | Orc:4    | Found a roughly hewn altar of Beogh.
 41298 | Orc:4    | Reached skill level 10 in Conjurations
 42065 | Orc:4    | Slain by a sixfirhy

Action                   |  1- 3 |  4- 6 |  7- 9 | 10-12 | 13-15 || total
-------------------------+-------+-------+-------+-------+-------++-------
Melee: Dagger            |     7 |    35 |       |       |       ||    42
       Mace              |       |     4 |   122 |   213 |   161 ||   500
 Cast: Magic Dart        |    66 |    72 |   276 |   487 |   342 ||  1243
       Call Imp          |     2 |     4 |     3 |    33 |       ||    42
       Mephitic Cloud    |       |     9 |    40 |    63 |    28 ||   140
       Blink             |       |     4 |     6 |    17 |     9 ||    36
       Repel Missiles    |       |     2 |     1 |       |     1 ||     4
       Conjure Flame     |       |     4 |    38 |    85 |    43 ||   170
       Summon Ice Beast  |       |       |       |    89 |   117 ||   206
       Shroud of Golubri |       |       |       |    12 |    12 ||    24
       Force Lance       |       |       |       |       |    59 ||    59
       Venom Bolt        |       |       |       |       |    35 ||    35
       Passage of Golubr |       |       |       |       |     2 ||     2
       Bolt of Fire      |       |       |       |       |   272 ||   272
       Airstrike         |       |       |       |       |    31 ||    31
       Iskenderun's Batt |       |       |       |       |    43 ||    43
       Summon Lightning  |       |       |       |       |    12 ||    12
       Regeneration      |       |       |       |       |     2 ||     2
       Deflect Missiles  |       |       |       |       |     1 ||     1
Invok: Channel Energy    |       |       |       |    92 |   117 ||   209
       Forget Spell      |       |       |       |       |     6 ||     6
Evoke: Wand              |       |       |       |     8 |       ||     8
  Use: Scroll            |     1 |    11 |     9 |    13 |    14 ||    48
       Potion            |       |       |     1 |     1 |     8 ||    10
 Stab: Confused          |       |     3 |     2 |     4 |     1 ||    10
       Sleeping          |       |       |     1 |     3 |     3 ||     7
  Eat: Chunk             |     2 |    11 |    33 |    45 |   110 ||   201
       Fruit             |       |       |       |     1 |     3 ||     4
       Pizza             |       |       |       |       |     1 ||     1
